 Dungeon Sprint DCSS version 0.19-a0-1895-g783e625 (webtiles) character file.

614 poirepourri the Grappler (level 7, -4/62 HPs)
             Began as a Ghoul Warper on Oct 18, 2016.
             Was an Initiate of Okawaru.
             Slain by Sonja
             ... wielding a +2 dagger of distortion
              (6 damage)
             ... in the Dungeon (Sprint I: "Red Sonja").
             The game lasted 00:02:54 (1360 turns).

poirepourri the Grappler (Ghoul Warper)             Turns: 1360, Time: 00:02:55

Health: -4/62      AC:  4    Str: 15    XL:     7   Next: 44%
Magic:  15/15      EV: 13    Int:  8    God:    Okawaru [......]
Gold:   360        SH:  0    Dex: 10    Spells: 6 memorised, 1 level left

rFire  . . .     SeeInvis .       - Unarmed
rCold  + . .     Gourm    .     a - +0 leather armour
rNeg   + + +     Faith    .     (no shield)
rPois  ∞         Spirit   .     (no helmet)
rElec  .         Reflect  .     (no cloak)
rCorr  .         Harm     .     f - +0 pair of gloves
MR     .....     NoTele   +     (no boots)
Stlth  +.........               (no amulet)
                                (no ring)
                                (no ring)

@: rotting
A: rotting body, claws 1, carnivore 3, cold resistance 1, negative energy
resistance 3, slow regeneration 1, torment resistance, unbreathing
a: Renounce Religion


You were in the Dungeon.
You worshipped Okawaru.
Okawaru was noncommittal.
You were not hungry.

You visited 1 branch You collected 414 gold pieces.
You spent 54 gold pieces at shops.

Inventory:

Hand Weapons
 d - the +7 Singing Sword
   (You found it in the Dungeon)
Armour
 a - a +0 leather armour (worn)
 f - a +0 pair of gloves (worn)
Scrolls
 c - 2 scrolls of blinking
Potions
 e - a potion of curing
 i - 2 potions of magic
 j - a potion of berserk rage
Books
 b - a book of Spatial Translocations

   Spells                             Type                      Level
   a - Blink                          Translocation                2
   b - Shroud of Golubria             Charms/Translocation         2
   c - Lesser Beckoning               Translocation                3
   d - Portal Projectile              Translocation                3
   e - Teleport Other                 Translocation                3
   f - Passage of Golubria            Translocation                4


   Skills:
 + Level 5.8 Fighting
 + Level 3.3 Throwing
 - Level 3.7 Armour
 + Level 5.3 Dodging
 - Level 0.5 Stealth
 + Level 9.2 Unarmed Combat
 + Level 6.1 Spellcasting
 + Level 6.5 Translocations


You had one spell level left.
You knew the following spells:

 Your Spells              Type           Power        Failure   Level  Hunger
a - Blink                 Tloc           N/A          2%          2    ##.....
b - Shroud of Golubria    Chrm/Tloc      #.........   14%         2    ##.....
c - Lesser Beckoning      Tloc           ##........   8%          3    ###....
d - Portal Projectile     Tloc           ##....       8%          3    ###....
e - Teleport Other        Tloc           ##......     8%          3    ###....
f - Passage of Golubria   Tloc           N/A          21%         4    #####..


Dungeon Overview and Level Annotations

Branches:
Dungeon (1/1)

Altars:
Cheibriados
Dithmenos
Elyvilon
Fedhas
Gozag
Hepliaklqana
Kikubaaqudgha
Makhleb
Nemelex Xobeh
Okawaru
Qazlal
Ru
Sif Muna
Trog
Uskayaw
Vehumet
Xom
Yredelemnul
Zin
The Shining One
Jiyva
Lugonu

Shops:
D [

Annotations:
D Sonja


Innate Abilities, Weirdness & Mutations

Your body is rotting away.
You thrive on raw meat.
You are immune to poison.
You have sharp fingernails.
You are carnivorous and can eat meat at any time.
Your flesh is cold resistant. (rC+)
You are immune to negative energy. (rN+++)
You regenerate slowly when monsters are visible.
You are immune to unholy pain and torment.
You can survive without breathing.


Message History

Space warps horribly around you!
* * * LOW HITPOINT WARNING * * *
You see here a curare-tipped needle.
You punch Sonja!
Sonja is heavily wounded.
Sonja hits you with an uncursed dagger of distortion.
* * * LOW HITPOINT WARNING * * *
Space bends around you.
* * * LOW HITPOINT WARNING * * *
Sonja closely misses you. Sonja hits you but does no damage.
You feel a strange sense of stasis.
You closely miss Sonja.
Sonja is heavily wounded.
Sonja bows elegantly.
Sonja casts a spell.
Sonja blinks!
There is an open door here.
Unknown command.
Sonja hits you with an uncursed dagger of distortion.
You die...

#..'..#..').#..'..'..#
#..#####'#####'#__####
#..####..#...#.####
#.)#__####..##.#
#..#_____##'#..+
#⌠⌠#_.∩...'.(._#
####_..__##_.#'#
#_____###'#(#
#########@###


+$K$+ #$.$# ##.## #+# You could see Sonja.

Vanquished Creatures
  A slime creature (D)
  Sigmund (D)
  A yak (D)
  An ogre (D)
  A jelly (D)
  Ijyb (D)
6 creatures vanquished.

Notes
Turn   | Place    | Note
-------+----------+-------------------------------------------
     0 | D        | poirepourri the Ghoul Warper began the quest for the Orb.
     0 | D        | Reached XP level 1. HP: 17/17 MP: 2/2
     2 | D        | Noticed Ijyb
    15 | D        | Killed Ijyb
    15 | D        | Reached skill level 1 in Throwing
    15 | D        | Reached skill level 1 in Armour
    15 | D        | Reached skill level 3 in Unarmed Combat
    15 | D        | Reached XP level 2. HP: 8/26 MP: 3/5
    15 | D        | Reached XP level 3. HP: 9/31 MP: 3/6
   231 | D        | Learned a level 2 spell: Blink
   234 | D        | Learned a level 2 spell: Shroud of Golubria
   238 | D        | Learned a level 3 spell: Lesser Beckoning
   241 | D        | Noticed an ogre
   259 | D        | Killed an ogre
   259 | D        | Reached skill level 4 in Unarmed Combat
   259 | D        | Reached XP level 4. HP: 4/40 MP: 3/9
   552 | D        | Learned a level 3 spell: Portal Projectile
   572 | D        | Noticed Sigmund
   590 | D        | Killed Sigmund
   590 | D        | Reached skill level 5 in Fighting
   590 | D        | Reached skill level 6 in Unarmed Combat
   590 | D        | Reached skill level 5 in Spellcasting
   590 | D        | Reached skill level 5 in Translocations
   590 | D        | Reached XP level 5. HP: 13/48 MP: 9/11
   590 | D        | Reached XP level 6. HP: 15/56 MP: 9/12
   828 | D        | Found a deep blue altar of Sif Muna.
   830 | D        | Found a radiant altar of Vehumet.
   876 | D        | Found Lutanome's Armour Emporium.
   876 | D        | Found an ancient bone altar of Kikubaaqudgha.
   876 | D        | Found a hazy altar of Hepliaklqana.
   876 | D        | Found a stormy altar of Qazlal.
   876 | D        | Found a hide-covered altar of Uskayaw.
   876 | D        | Found a blossoming altar of Fedhas.
   876 | D        | Found a bloodstained altar of Trog.
   876 | D        | Found an iron altar of Okawaru.
   876 | D        | Found a basalt altar of Yredelemnul.
   876 | D        | Found a glowing golden altar of the Shining One.
   876 | D        | Found a snail-covered altar of Cheibriados.
   876 | D        | Found a sacrificial altar of Ru.
   876 | D        | Found a glowing silver altar of Zin.
   876 | D        | Found a shadowy altar of Dithmenos.
   876 | D        | Found a white marble altar of Elyvilon.
   876 | D        | Noticed a yak
   887 | D        | Killed a yak
   887 | D        | Reached skill level 5 in Dodging
   887 | D        | Reached skill level 7 in Unarmed Combat
   887 | D        | Reached XP level 7. HP: 25/61 MP: 12/14
  1064 | D        | Found an opulent altar of Gozag.
  1065 | D        | Found a sparkling altar of Nemelex Xobeh.
  1074 | D        | Bought a +0 pair of gloves for 54 gold pieces
  1083 | D        | Became a worshipper of Warmaster Okawaru
  1102 | D        | Learned a level 3 spell: Teleport Other
  1107 | D        | Learned a level 4 spell: Passage of Golubria
  1108 | D        | Found a burning altar of Makhleb.
  1108 | D        | Found a viscous altar of Jiyva.
  1108 | D        | Found a shimmering altar of Xom.
  1108 | D        | Found a corrupted altar of Lugonu.
  1108 | D        | Noticed a slime creature
  1126 | D        | Killed a slime creature
  1126 | D        | Reached skill level 9 in Unarmed Combat
  1351 | D        | Noticed Sonja
  1357 | D        | HP: 2/62 [Sonja/uncursed dagger of distortion (4)]
  1360 | D        | Slain by Sonja

Vault maps used:
D:        dungeon_sprint_1

Skill      XL: |  1  2  3  4  5  6  7 |
---------------+----------------------+-----
Fighting       | 3 4 5 |  5.8
Throwing       | 1 2 3 |  3.3
Armour         | 1 2 3 |  3.7
Dodging        | 2 3 4 5 |  5.3
Unarmed Combat | 3 4 6 7 9 |  9.2
Spellcasting   | 3 4 5 6 |  6.1
Translocations | 4 5 6 |  6.5
Stealth        | |  0.5

Action                   |  1- 3 |  4- 6 |  7- 9 || total
-------------------------+-------+-------+-------++-------
Melee: Unarmed           |    20 |    30 |    20 ||    70
       Punch             |     1 |     1 |     1 ||     3
Throw: Tomahawk          |     5 |       |       ||     5
 Cast: Blink             |     2 |       |       ||     2
  Use: Potion            |     2 |       |       ||     2
  Eat: Meat ration       |       |       |     1 ||     1
Armor: Leather armour    |     3 |     1 |     8 ||    12
Dodge: Dodged            |     6 |    11 |     8 ||    25
